 Dungeon Sprint DCSS version 0.19.0-20-gbc5f0c6 (webtiles) character file.

3278 equalderp2856 the Ripper (level 9, -3/45 HPs)
             Began as a Felid Fighter on Nov 17, 2016.
             Killed from afar by a swamp dragon (12 damage)
             ... with a blast of poison
             ... in the Dungeon (Sprint VII: "The Pits") on Nov 18, 2016.
             The game lasted 00:08:12 (2083 turns).

equalderp2856 the Ripper (Felid Fighter)            Turns: 2083, Time: 00:08:12

Health: -3/45      AC:  2    Str: 16    XL:     9   Next: 69%
Magic:  10/10      EV: 30    Int: 13    God:
Gold:   0          SH:  0    Dex: 17    Spells: 0 memorised, 8 levels left
                                        Lives:  0   Deaths: 2

rFire  . . .     SeeInvis +       - Unarmed
rCold  . . .     Gourm    .     (armour unavailable)
rNeg   . . .     Faith    .     (shield unavailable)
rPois  .         Spirit   .     (helmet unavailable)
rElec  .         Reflect  .     (cloak unavailable)
rCorr  .         Harm     .     (gloves unavailable)
MR     +....     NoTele   +     (boots unavailable)
Stlth  +++++.....               (no amulet)
                                k - +3 ring of intelligence
                                i - +3 ring of strength

@: lethally poisoned (-3 -> -10), quick
A: no armour, no weapons or thrown items, stealth, claws 1, fangs 3, see
invisible, carnivore 3, speed 1, shaggy fur 2, slow metabolism 1, sharp paws
a: no special abilities


You were in the Dungeon.
You were not hungry.

You visited 1 branch

Inventory:

Jewellery
 i - a +3 ring of strength (left paw)
 k - a +3 ring of intelligence (right paw)
Potions
 a - a potion of might
 c - 6 potions of curing
 d - 8 potions of heal wounds
 e - 5 potions of haste
 f - 4 potions of magic
 g - 3 potions of berserk rage
 j - 2 potions of invisibility
 l - a potion of brilliance
Comestibles
 b - a meat ration


   Skills:
 + Level 8.6 Fighting
 + Level 13.9 Dodging
 + Level 10.4 Stealth
 + Level 18.6 Unarmed Combat


You had 8 spell levels left.
You didn't know any spells.

Dungeon Overview and Level Annotations

Branches:
Dungeon (1/1)

Altars:
Ashenzari
Cheibriados
Dithmenos
Elyvilon
Fedhas
Gozag
Hepliaklqana
Kikubaaqudgha
Makhleb
Nemelex Xobeh
Okawaru
Qazlal
Ru
Sif Muna
Trog
Uskayaw
Vehumet
Xom
Yredelemnul
Zin
The Shining One
Beogh
Jiyva
Lugonu


Innate Abilities, Weirdness & Mutations

You cannot wear armour.
You are incapable of wielding weapons or throwing items.
Your paws allow you to move quietly. (Stealth)
You have sharp claws.
You have razor-sharp teeth.
You have supernaturally acute eyesight. (SInv)
You are carnivorous and can eat meat at any time.
You cover ground quickly.
You are covered in thick fur. (AC +2)
You have a slow metabolism.
Your sharp claws are effective at attacking unaware monsters.


Message History

You are more poisoned.
You feel sick.
You barely miss the swamp dragon.
The swamp dragon is moderately wounded.
You are engulfed in poison gas.
You are lethally poisoned!
You feel sick. The swamp dragon closely misses you.
The swamp dragon barely misses you. The swamp dragon completely misses you.
You scratch the swamp dragon.
The swamp dragon is heavily wounded.
You are engulfed in poison gas.
You are more poisoned.
You feel very sick. The swamp dragon bites you!
* * * LOW HITPOINT WARNING * * *
The swamp dragon completely misses you. The swamp dragon closely misses you.
You feel better.
The swamp dragon breathes poison at you.
The blast of poison engulfs you!
You are poisoned.
You die...

..........# #..#......#
..........+ ..........+
#..#......# ..........#
###)'###### .##''#
##### ########
.##..###...###§§@D..#
.##...##...##.§##§§.#
.###...##'##.§## §§.+
.# ##...†.)....##...#
.###..###'###...##+##
.##).##.....##..#...#K.
###..'.......'..+..G'KG
###..##.....##..#...#..
[###..###'###...##+##


You could see a swamp dragon.

Vanquished Creatures
  A death yak (D)
  A shadow wraith (D)
  A deep elf mage (D)
  A gargoyle (D)
  A kobold demonologist (D)
  An efreet (D)
  Prince Ribbit (D)
  A shadow (D)
  A tarantella (D)
  2 spriggans (D)
  A wyvern (D)
  A ynoxinul (D)
  Eustachio (D)
  A steam dragon (D)
  A mottled dragon (D)
  A water moccasin (D)
  A floating eye (D)
  2 necrophages (D)
  An ogre (D)
  A centaur (D)
  3 wolves (D)
  A big kobold (D)
  A bullfrog (D)
  6 killer bees (D)
  5 wights (D)
  A gnoll shaman (D)
  A mummy (D)
  2 river rats (D)
  2 ufetubi (D)
  3 oozes (D)
  A leopard gecko (D)
  3 bats (D)
  A giant cockroach (D)
  A quokka skeleton (D)
53 creatures vanquished.

Notes
Turn   | Place    | Note
-------+----------+-------------------------------------------
     0 | D        | equalderp2856 the Felid Fighter began the quest for the Orb.
     0 | D        | Reached XP level 1. HP: 10/10 MP: 2/2
    14 | D        | Reached skill level 5 in Unarmed Combat
    27 | D        | Reached XP level 2. HP: 12/14 MP: 3/3
    41 | D        | Noticed a floating eye
    46 | D        | Paralysed by a floating eye for 3 turns
    52 | D        | Killed a floating eye
    52 | D        | Reached skill level 5 in Fighting
    52 | D        | Reached skill level 8 in Unarmed Combat
    52 | D        | Reached XP level 3. HP: 12/19 MP: 4/4
    52 | D        | Reached XP level 4. HP: 14/23 MP: 5/5
   176 | D        | Reached skill level 1 in Stealth
   289 | D        | Found a radiant altar of Vehumet.
   289 | D        | Found a hide-covered altar of Uskayaw.
   289 | D        | Found an ancient bone altar of Kikubaaqudgha.
   289 | D        | Found a viscous altar of Jiyva.
   289 | D        | Found a hazy altar of Hepliaklqana.
   290 | D        | Found a bloodstained altar of Trog.
   290 | D        | Found a deep blue altar of Sif Muna.
   290 | D        | Found a sacrificial altar of Ru.
   290 | D        | Found a stormy altar of Qazlal.
   290 | D        | Found an iron altar of Okawaru.
   290 | D        | Found a sparkling altar of Nemelex Xobeh.
   290 | D        | Found an opulent altar of Gozag.
   290 | D        | Found a blossoming altar of Fedhas.
   290 | D        | Found a white marble altar of Elyvilon.
   290 | D        | Found a shadowy altar of Dithmenos.
   290 | D        | Found a snail-covered altar of Cheibriados.
   291 | D        | Found a glowing golden altar of the Shining One.
   291 | D        | Found a glowing silver altar of Zin.
   293 | D        | Found a roughly hewn altar of Beogh.
   293 | D        | Found a burning altar of Makhleb.
   293 | D        | Found a basalt altar of Yredelemnul.
   294 | D        | Found a shattered altar of Ashenzari.
   294 | D        | Found a corrupted altar of Lugonu.
   294 | D        | Found a shimmering altar of Xom.
   336 | D        | Noticed a bullfrog
   363 | D        | Reached skill level 9 in Unarmed Combat
   363 | D        | Reached XP level 5. HP: 18/26 MP: 6/6
   367 | D        | Reached skill level 10 in Unarmed Combat
   381 | D        | Gained mutation: You are covered in thick fur. (AC +2) [Felid growth]
   381 | D        | Reached XP level 6. HP: 10/31 MP: 7/7
   610 | D        | Reached skill level 11 in Unarmed Combat
   619 | D        | Reached skill level 12 in Unarmed Combat
   625 | D        | Reached XP level 7. HP: 27/35 MP: 8/8
   731 | D        | Reached skill level 5 in Stealth
   731 | D        | Reached skill level 13 in Unarmed Combat
   733 | D        | Noticed a wyvern
   733 | D        | Noticed a tarantella
   735 | D        | Noticed Prince Ribbit
   737 | D        | Killed Prince Ribbit
   771 | D        | Reached skill level 10 in Dodging
   771 | D        | Reached skill level 14 in Unarmed Combat
   771 | D        | Reached XP level 8. HP: 35/39 MP: 9/9
  1125 | D        | Noticed a gargoyle
  1149 | D        | Killed a gargoyle
  1149 | D        | Reached skill level 15 in Unarmed Combat
  1185 | D        | Reached XP level 9. HP: 40/43 MP: 10/10
  1298 | D        | Reached skill level 16 in Unarmed Combat
  1514 | D        | Noticed an efreet
  1530 | D        | Noticed a deep elf mage
  1530 | D        | Noticed a death yak
  1538 | D        | Killed from afar by an efreet
  1539 | D        | Reached XP level 8. HP: -14/39 MP: 9/9
  1560 | D        | Killed a death yak
  1560 | D        | Reached skill level 17 in Unarmed Combat
  1585 | D        | Killed from afar by an efreet
  1586 | D        | Reached XP level 7. HP: -3/37 MP: 8/8
  1600 | D        | Killed a deep elf mage
  1600 | D        | Reached XP level 8. HP: 31/40 MP: 9/9
  1612 | D        | Killed an efreet
  1824 | D        | Noticed a shadow wraith
  1833 | D        | Killed a shadow wraith
  1833 | D        | Reached skill level 10 in Stealth
  1833 | D        | Reached skill level 18 in Unarmed Combat
  1833 | D        | Reached XP level 9. HP: 44/45 MP: 10/10
  2016 | D        | Noticed a kobold demonologist
  2029 | D        | Noticed a smoke demon
  2042 | D        | Killed a kobold demonologist
  2069 | D        | Noticed Eustachio
  2069 | D        | Noticed a swamp dragon
  2077 | D        | Killed Eustachio
  2082 | D        | HP: 1/45 [swamp dragon (15)]
  2083 | D        | Killed from afar by a swamp dragon

Skill      XL: |  1  2  3  4  5  6  7  8  9 |
---------------+----------------------------+-----
Unarmed Combat | 5 8 9 10 12 14 18 16 | 18.6
Fighting       | 5 6 7 8 |  8.6
Dodging        | 6 7 8 10 12 13 | 13.9
Stealth        | 1 3 4 6 10 | 10.4

Action                   |  1- 3 |  4- 6 |  7- 9 || total
-------------------------+-------+-------+-------++-------
Melee: Unarmed           |    15 |    46 |   164 ||   225
       Bite              |       |     6 |    17 ||    23
       Punch             |       |     1 |    18 ||    19
  Use: Potion            |       |       |     4 ||     4
       Scroll            |       |       |     1 ||     1
 Stab: Sleeping          |     1 |     1 |     4 ||     6
  Eat: Chunk             |     1 |     1 |       ||     2
Armor: Skin              |     1 |     2 |     2 ||     5
Dodge: Dodged            |     7 |    34 |   155 ||   196
